 Dungeon Crawl Stone Soup version 0.28.0-43-g3370ac3207 (webtiles) character file.

Game seed: 13408417134639558943

142 RatsInWalls the Ruffian (level 5, -5/46 HPs)
             Began as a Ghoul Monk on Mar 31, 2022.
             Killed by divine providence
             ... invoked by an orc priest
              (14 damage)
             ... on level 2 of the Dungeon.
             The game lasted 00:05:52 (3072 turns).

RatsInWalls the Ruffian (Ghoul Monk)                Turns: 3072, Time: 00:05:53

Health: -5/46      AC:  4    Str: 17    XL:     5   Next: 24%
Magic:  4/4        EV: 12    Int:  5    God:
Gold:   123        SH:  0    Dex: 11    Spells: 4/4 levels left

rFire   . . .      SeeInvis .     - Unarmed
rCold   + . .      Faith    .   (no shield)
rNeg    + + +      Spirit   .   j - +0 leather armour
rPois   ∞          Reflect  .   (no helmet)
rElec   .          Harm     .   (no cloak)
rCorr   .          Rampage  .   e - +0 pair of gloves
Will    .....                   (no boots)
Stlth   ++........              (no amulet)
HPRegen 0.00/turn               (no ring)
MPRegen 0.09/turn               (no ring)

@: inhibited regen
A: claws 1, cold resistance 1, negative energy resistance 3, inhibited
regeneration, torment resistance 2
a: no special abilities


You were on level 2 of the Dungeon.
You visited 1 branch of the dungeon, and saw 3 of its levels.

You collected 123 gold pieces.

Inventory:

Missiles
 h - 29 stones (quivered)
 k - 4 javelins
Armour
 a - a +0 robe
 e - a +0 pair of gloves (worn)
 f - a +0 kite shield
 j - a +0 leather armour (worn)
Scrolls
 c - 4 scrolls of identify
 d - 2 scrolls of enchant armour {unknown}
 g - 2 scrolls of fog {unknown}


   Skills:
 * Level 3.9 Fighting
 + Level 0.7 Armour
 + Level 3.3 Dodging
 + Level 3.2 Stealth
 * Level 0.4 Shields
 + Level 4.6 Unarmed Combat


You had 4 spell levels left.
You didn't know any spells.
Your spell library was empty.

Dungeon Overview and Level Annotations

Branches:
Dungeon (3/15)

Altars:

Shops:
D:2 :

Annotations:
D:3 Ijyb


Innate Abilities, Weirdness & Mutations

You thrive by killing the living.
You are immune to poison.
You have sharp fingernails.
Your flesh is cold resistant. (rC+)
You are immune to negative energy. (rN+++)
You do not regenerate when monsters are visible.
You are immune to unholy pain and torment.


Message History

You feel much better. The orc priest hits you with a +0 whip.
You hit the orc priest but do no damage.
The orc priest is almost dead.
The orc priest hits you but does no damage.
You barely miss the orc priest.
The orc priest is almost dead.
The orc priest invokes the aid of Beogh against you.
Beogh smites you!
You hit the orc priest but do no damage.
The orc priest is almost dead.
The orc priest barely misses you.
You hit the orc priest but do no damage.
The orc priest is almost dead.
You hit the orc priest but do no damage.
The orc priest is almost dead.
The orc priest completely misses you.
You barely miss the orc priest.
The orc priest is almost dead.
The orc priest closely misses you.
You hit the orc priest but do no damage.
The orc priest is almost dead.
The orc priest casts a cantrip, but nothing happens.
You closely miss the orc priest.
The orc priest is almost dead.
The orc priest barely misses you.
You hit the orc priest but do no damage.
The orc priest is almost dead.
The orc priest calls down the wrath of Beogh upon you.
Beogh smites you!
* * * LOW HITPOINT WARNING * * *
You feel better. The orc priest hits you with a +0 whip.
You hit the orc priest but do no damage.
The orc priest is severely wounded.
The orc priest hits you with a +0 whip.
* * * LOW HITPOINT WARNING * * *
You hit the orc priest.
The orc priest is almost dead.
The orc priest mumbles some strange prayers to Beogh against you.
Beogh smites you!
You die...

###### #..#.........## #..##
##............## ##.##
###............### #.##
#............#...###.##
#.................##...
#..........#..........#
########..........###....#.)##
#.............................
########.....@................
#######.....[o...#+#....#####
##................'∩+.#.#####
##.................#'#.......#
#..#################...#######
#### #####


You could see an orc priest.

Vanquished Creatures
  A jelly (D:3)
  5 adders
  A worm (D:2)
  2 dart slugs (D:1)
  3 orcs
  7 ball pythons
  5 endoplasms
  4 giant cockroaches
  8 goblins
  4 hobgoblins
  4 quokkas
  4 bats
  A frilled lizard (D:1)
  4 kobolds
  2 rats
55 creatures vanquished.

Vanquished Creatures (others)
  4 toadstools (D:1)
4 creatures vanquished.

Grand Total: 59 creatures vanquished

Notes
Turn   | Place    | Note
-------+----------+-------------------------------------------
     0 | D:1      | RatsInWalls the Ghoul Monk began the quest for the Orb.
     0 | D:1      | Reached XP level 1. HP: 19/19 MP: 0/0
   131 | D:1      | Reached XP level 2. HP: 26/26 MP: 1/1
   348 | D:1      | Found a faded altar of an unknown god.
   528 | D:1      | Reached XP level 3. HP: 33/33 MP: 2/2
  1049 | D:2      | Reached skill level 4 in Unarmed Combat
  1074 | D:2      | Found Beguqole's Book Shop.
  1259 | D:2      | Reached XP level 4. HP: 31/40 MP: 3/3
  1727 | D:3      | Noticed Ijyb
  2471 | D:3      | Reached XP level 5. HP: 32/46 MP: 4/4
  3072 | D:2      | Killed from afar by an orc priest

Illustrated notes

Levels and vault maps discovered:
D:1:      ldierk_walled_garden_2, layout_loops_ring,
          shapermc_ecumenical_altar_notcrosses, bh_walls_and_bars
D:2:      layout_rooms, serial_shops, nicolae_shop_behind_doors
D:3:      layout_basic, grunt_ministairs_10, uniq_ijyb

Skill      XL: |  1  2  3  4 |
---------------+-------------+-----
Dodging        | 3 |  3.3
Unarmed Combat | 4 |  4.6
Stealth        | 3 |  3.2
Fighting       | |  3.9
Armour         | |  0.7
Shields        | |  0.4

Action                   |  1- 3 |  4- 6 || total
-------------------------+-------+-------++-------
Melee: Unarmed           |    89 |    97 ||   186
       Punch             |     3 |     5 ||     8
Throw: Stone             |     1 |     3 ||     4
  Use: Scroll            |       |     4 ||     4
       Potion            |       |     2 ||     2
 Stab: Sleeping          |     4 |     4 ||     8
Armor: Robe              |     9 |       ||     9
       Leather armour    |       |    20 ||    20
Dodge: Dodged            |    47 |    52 ||    99
